Map: Acropolis LE

Players

Woah - Winner!

  • Race: Terran Terran
  • Spawn Location: 5:00

yoshe

  • Race: Zerg Zerg
  • League: Platinum
  • Spawn Location: 11:00

VOD

Have the link to the VOD?

Description

Time

  • Played on: June 12, 2019, 4:01 a.m.
  • Length: 13:11
Show
View Real Time Build Order
Export as new Build Order

Woah Terran - Winner!

Build Orders: Reaper Expand 

Get SALT Encoding   

  12  0:01  SCV  
  13  0:13  SCV  
  14  0:17  Supply Depot  
  14  0:25  SCV  
  15  0:38  SCV  
  15  0:40  Barracks  
  16  0:45  Refinery  
  16  0:50  SCV  
  17  1:02  SCV  
  18  1:15  SCV  
  19  1:29  Orbital Command  
  19  1:30  Reaper  
  20  1:41  Command Center  
  20  1:52  Barracks  
  20  1:55  SCV  
  21  2:07  SCV  
  22  2:08  Barracks Reactor  
  22  2:12  Supply Depot  
  22  2:14  Refinery  
  22  2:19  SCV  
  23  2:36  SCV  
  24  2:47  Factory  
  24  2:50  Marine, Barracks Tech Lab  
  24  2:51  Marine  
  26  2:55  Orbital Command  
  26  3:00  SCV  
  27  3:10  Stimpack, Marine x3  
  27  3:12  SCV  
  31  3:22  SCV  
  31  3:24  SCV  
  33  3:27  Marine  
  33  3:28  Marine  
  33  3:32  Starport  
  33  3:33  Marine  
  36  3:35  SCV  
  36  3:36  Factory Reactor  
  37  3:43  Supply Depot  
  37  3:45  SCV, Marine  
  37  3:47  Marine  
  40  3:55  SCV  
  40  3:57  Marine  
  40  4:00  SCV  
  43  4:03  Supply Depot  
  43  4:08  SCV, Supply Depot  
  44  4:11  Marine  
  44  4:12  Marine  
  44  4:13  SCV  
  47  4:19  Medivac x2  
  47  4:20  Marine  
  52  4:26  SCV  
  52  4:27  Supply Depot  
  52  4:29  SCV, Marine  
  55  4:34  Marine  
  55  4:37  Factory Reactor  
  55  4:38  SCV, Marine  
  58  4:41  SCV  
  59  4:47  Refinery  
  59  4:50  SCV  
  59  4:51  Engineering Bay  
  59  4:52  Engineering Bay  
  60  4:54  Marine x2  
  62  5:01  Marine  
  62  5:03  Medivac  
  62  5:04  Medivac  
  62  5:05  SCV  
  69  5:07  SCV  
  69  5:11  Marine  
  69  5:13  Supply Depot  
  70  5:15  Supply Depot  
  70  5:18  Terran Infantry Weapons Level 1  
  70  5:27  Combat Shield  
  70  5:48  SCV  
  71  5:51  Command Center  
  71  5:52  SCV, Marine, Refinery  
  71  5:54  Medivac  
  71  5:56  Widow Mine x2  
  79  6:01  Barracks  
  79  6:02  Barracks  
  79  6:03  Barracks  
  79  6:08  Marine  
  79  6:09  Marine  
  79  6:10  SCV x2, Marine  
  84  6:12  Terran Infantry Armor Level 1  
  84  6:20  Armory  
  84  6:22  SCV  
  85  6:43  Marauder, Marine x2  
  83  7:01  Marine  
  81  7:04  SCV, Marauder  
  81  7:05  Orbital Command  
  79  7:09  Bunker  
  79  7:13  Factory Tech Lab  
  79  7:14  Barracks Tech Lab x2  
  79  7:15  Marine  
  80  7:26  Marauder  
  80  7:30  Marine  
  80  7:31  SCV  
  80  7:33  Marine  
  81  7:40  SCV  
  82  7:47  Marauder  
  78  8:03  Orbital Command  
  78  8:05  SCV x2  
  72  8:09  Marauder  
  74  8:14  Marine x2, Barracks  
  74  8:15  Marauder x2  
  74  8:16  Marine x2, Barracks  
  74  8:17  Terran Infantry Weapons Level 2, Terran Infantry Armor Level 2, Command Center  
  74  8:18  Barracks  
  82  8:20  Barracks  
  82  8:21  Siege Tank  
  85  8:29  Marine  
  85  8:32  Marine x2  
  85  8:34  Marine x2  
  89  8:36  Marauder x2  
  89  8:37  SCV x2  
  96  8:41  Supply Depot  
  96  8:48  Marauder  
  98  8:50  Marine x2  
  98  8:51  Marine  
  98  8:52  Marine  
  98  8:57  Marauder, Marine  
  101  9:08  Marine x2  
  101  9:09  Marine x3  
  104  9:14  SCV x2  
  104  9:15  Marauder  
  104  9:16  SCV  
  110  9:19  Marauder  
  112  9:25  Marine  
  112  9:26  SCV x2, Marine x2  
  112  9:28  Marine x2  
  119  9:32  SCV  
  119  9:36  Orbital Command  
  119  9:37  Marauder  
  122  9:38  SCV  
  122  9:39  SCV  
  122  9:40  Marine  
  122  9:41  Barracks Reactor, Barracks Tech Lab x3  
  122  9:43  Marine x2  
  122  9:44  SCV  
  122  9:45  Marauder  
  130  9:58  Marauder  
  126  10:23  Marine x2  
  126  10:24  Marauder, Marine x2  
  132  10:37  SCV x2, Marine  
  132  10:38  SCV, Marine x2  
  132  10:39  SCV  
  132  10:41  Marine x3  
  132  10:42  Marine  
  132  10:43  Marine x3  
  132  10:45  Marine  
  132  10:46  Marine  
  132  10:49  SCV  
  132  10:58  Supply Depot  
  132  10:59  Command Center, Supply Depot x2  
  132  11:17  Marine  
  132  11:19  Marine x4  
  132  11:20  SCV x4, Marine x6, Marauder  
  148  11:32  SCV  
  146  11:33  SCV  
  146  11:34  Marine  
  146  11:37  Marine x3  
  146  11:38  Marauder, Marine x3  
  146  11:39  Marauder, Marine  
  156  11:54  SCV, Marine  
  156  11:55  SCV x2, Marauder  
  156  11:56  Marine x2  
  156  11:57  Marine  
  156  11:58  Marine x2  
  156  11:59  Marauder x2  
  156  12:00  Marauder  
  155  12:11  Marauder x2, Medivac x2  
  155  12:12  Marine  
  155  12:14  Marine x3  
  160  12:16  Marine x2  
  160  12:17  Marauder  
  160  12:20  Marine  
  160  12:21  Marauder  
  160  12:22  Marauder  
  146  12:30  SCV x3, Orbital Command, Marine  
  146  12:31  Marine  
  146  12:32  Marine x3  
  146  12:33  Marauder, Marine  
  146  12:34  Marine  
  152  12:37  Marine  
  152  12:38  Marine  
  152  12:42  Marine x2  
  153  12:48  Marine  
  153  12:49  Marine  
  153  12:50  Marine x3  
  158  12:51  Marine  
  158  12:52  Marine  
Show
View Real Time Build Order
Export as new Build Order

yoshe Zerg 

Build Orders: Hatch First 

Get SALT Encoding   

  12  0:01  Drone  
  13  0:13  Overlord  
  13  0:17  Drone  
  14  0:43  Hatchery  
  14  0:46  Drone  
  14  0:49  Drone  
  15  0:53  Drone  
  16  0:57  Extractor  
  15  1:12  Spawning Pool  
  15  1:17  Drone  
  15  1:19  Drone  
  15  1:23  Drone  
  17  1:31  Drone  
  18  1:42  Drone  
  19  1:53  Overlord  
  19  2:00  Queen  
  21  2:02  Queen  
  23  2:09  Drone  
  23  2:10  Drone  
  23  2:13  Drone  
  26  2:20  Zergling x4  
  28  2:37  Extractor  
  28  2:39  Extractor  
  28  2:48  Drone  
  28  2:49  Drone x5  
  34  3:05  Metabolic Boost, Hatchery  
  33  3:08  Drone x2  
  35  3:19  Drone  
  36  3:20  Overlord  
  36  3:38  Extractor  
  36  3:39  Drone x6  
  41  3:46  Queen  
  43  3:51  Zergling x2  
  44  3:55  Roach Warren  
  44  3:57  Lair  
  44  3:59  Drone  
  44  4:07  Overlord  
  44  4:13  Overlord  
  44  4:20  Queen  
  44  4:22  Drone x4  
  50  4:38  Extractor  
  50  4:41  Drone x8  
  50  4:42  Drone  
  58  4:50  Overlord  
  58  4:51  Evolution Chamber x2  
  56  5:04  Drone x4  
  56  5:05  Drone  
  58  5:32  Roach x4  
  58  5:33  Roach x4  
  72  5:41  Overlord x2  
  72  5:51  Zerg Missile Weapons Level 1, Zerg Ground Armor Level 1  
  72  5:58  Queen  
  74  6:10  Hatchery  
  71  6:34  Hatchery  
  71  6:38  Roach  
  71  6:39  Roach x6  
  82  7:09  Lair  
  80  7:40  Hatchery  
  79  7:49  Ravager x2  
  79  7:50  Ravager x2  
  73  7:59  Ravager  
  57  8:06  Roach x8  
  57  8:07  Roach x3  
  73  8:19  Zerg Ground Armor Level 2, Zerg Missile Weapons Level 2  
  73  8:26  Hydralisk Den  
  72  8:29  Queen  
  74  8:39  Extractor  
  73  8:41  Overlord x2, Extractor  
  70  8:59  Roach x2  
  70  9:00  Hydralisk x4, Roach x5  
  86  9:15  Queen  
  89  9:17  Drone x7  
  89  9:18  Drone x4  
  89  9:23  Grooved Spines  
  99  9:31  Hydralisk x2  
  103  9:44  Spore Crawler  
  102  9:48  Spore Crawler  
  102  9:49  Overlord, Drone x3  
  102  9:50  Overlord x3  
  104  10:11  Hydralisk x3  
  104  10:12  Zergling x12  
  104  10:13  Zergling x6  
  117  10:20  Spawning Pool  
Tags
 
League
Platinum
Matchup
TvZ
Replay Pack
r1
Spawn Locations
Cross Positions
Add a new tag
Caveats
  • Supply blocks, unpowered buildings, or Contaminate may cause inaccurate times.
  • Supply counts are checked every 10 seconds.